 Dungeon Crawl Stone Soup version 0.31-a0-441-g867994ef1c (webtiles) character file.

Game seed: 3994370460433870891

18122 floatRand the Gargoyle Disaster (level 12, -5/64 HPs)
             Began as a Gargoyle Fighter on Aug 2, 2023.
             Was a Believer of Qazlal.
             Slain by a salamander
             ... wielding a +1 heavy glaive
              (27 damage)
             ... in a volcano.
             The game lasted 00:16:47 (11069 turns).

floatRand the Gargoyle Disaster (Gargoyle Fighter) Turns: 11069, Time: 00:16:48

Health: -5/64      AC: 25    Str: 24    XL:     12   Next: 55%
Magic:  29/32      EV:  6    Int: 16    God:    Qazlal [**....]
Gold:   770        SH:  3    Dex: 12    Spells: 11/11 levels left

rFire   + . .        D - +7 great mace "Niagif" {freeze, rF+ rC++ MP+9 Dex-3}
rCold   + + .        (shield currently unavailable)
rNeg    + . .        f - +0 plate armour
rPois   ∞            B - +1 helmet
rElec   +            z - +0 cloak {Stlth+}
rCorr   .            (no gloves)
SInv    .            v - +0 pair of boots
Will    .....        E - amulet of magic regeneration Stlth
                     b - +6 ring of intelligence
HPRegen 0.30/turn    C - +6 ring of dexterity
MPRegen 0.63/turn

%: no passive effects
@: no status effects
A: sickness immunity, AC +8, negative energy resistance 1, electricity
resistance, torment resistance 1, petrification resistance
a: Renounce Religion, Upheaval


You were in a volcano.
You worshipped Qazlal.
Qazlal was pleased with you.
You visited 2 branches of the dungeon, and saw 11 of its levels.
You also visited: Sewer and Volcano.

You collected 770 gold pieces.

Inventory:

Hand Weapons
 a - a +1 flail
 A - a +4 flail of freezing
 D - the +7 great mace "Niagif" (weapon) {freeze, rF+ rC++ MP+9 Dex-3}
   (You took it off a two-headed ogre on level 10 of the Dungeon)

   Dex:       It affects your dexterity (-3).
   rF:        It protects you from fire.
   rC:        It greatly protects you from cold.
   MP:        It affects your magic capacity (+9).
Armour
 c - a +0 buckler
 f - a +0 plate armour (worn)
 v - a +0 pair of boots (worn)
 z - a +0 cloak of stealth (worn)
 B - a +1 helmet (worn)
Jewellery
 b - a +6 ring of intelligence (left hand)
 C - a +6 ring of dexterity (right hand)
 E - an amulet of magic regeneration (around neck)
Wands
 x - a wand of flame (30)
 y - a wand of iceblast (10)
 F - a wand of paralysis (8)
Scrolls
 e - 2 scrolls of enchant weapon
 g - 2 scrolls of amnesia
 n - 2 scrolls of butterflies
 r - 3 scrolls of poison
 s - 2 scrolls of fear
 t - 2 scrolls of enchant armour
 u - 3 scrolls of teleportation
 w - 2 scrolls of identify
Potions
 d - 2 potions of might
 h - a potion of invisibility
 i - 6 potions of enlightenment
 j - a potion of ambrosia
 k - 3 potions of lignification
 l - 3 potions of brilliance
 m - a potion of heal wounds
 o - 3 potions of mutation
 p - a potion of berserk rage
 q - 3 potions of haste


   Skills:
 - Level 3.2 Fighting
 * Level 14.3 Maces & Flails
 + Level 4.5 Armour
 - Level 3.2 Shields
 * Level 15.3 Invocations


You had 11 spell levels left.
You didn't know any spells.
Your spell library contained the following spells:

 Spells                   Type           Power      Damage    Failure   Level
 Magic Dart               Conj           0%         1d3       99%         1
 Necrotise                Necr           0%         1d4       99%         1
 Sandblast                Erth           0%         2d4       99%         1
 Summon Small Mammal      Summ           0%         N/A       99%         1
 Blink                    Tloc           0%         N/A       99%         2
 Call Imp                 Summ           0%         N/A       99%         2
 Passwall                 Tmut/Erth      0%         N/A       99%         2
 Searing Ray              Conj           0%         2d4       99%         2
 Call Canine Familiar     Summ           0%         N/A       100%        3
 Dazzling Flash           Conj/Hex       0%         N/A       100%        3
 Mephitic Cloud           Conj/Pois/Air  0%         N/A       100%        3
 Stone Arrow              Conj/Erth      0%         3d7       100%        3
 Summon Guardian Golem    Hex/Summ       0%         N/A       100%        3
 Vampiric Draining        Necr           0%         2d6       100%        3
 Volatile Blastmotes      Fire/Tloc      0%         2d10      100%        3
 Fulminant Prism          Conj/Hex       0%         3d5       100%        4
 Iskenderun's Mystic Bla  Conj/Tloc      0%         2d3       100%        4
 Leda's Liquefaction      Hex/Erth       0%         N/A       100%        4
 Manifold Assault         Tloc           0%         N/A       100%        4
 Agony                    Necr           0%         N/A       100%        5
 Arcjolt                  Conj/Air       0%         1d10      100%        5


Dungeon Overview and Level Annotations

Branches:
Dungeon (10/15)            Temple (0/1) D:6            Lair (1/5) D:10
    Orc (0/2) D:10          Sewer (visited)         Volcano (1/1)

Altars:
Qazlal
Yredelemnul

Shops:
D:9 ?

Annotations:
D:8 3 runed translucent doors, TobyConnect's ghost, novice DsSh


Innate Abilities, Weirdness & Mutations

You are immune to sickness and miasma.
Your stone body is resilient. (AC +8)
You are immune to poison.
You resist negative energy. (rN+)
You are resistant to electric shocks. (rElec)
You are resistant to unholy torment.
You are immune to petrification.


Message History

The hell hog breathes fire at you.
The fireball explodes!
The fireball engulfs you. You resist.
The fireball engulfs the hell hog.
The hell hog completely resists.
The fireball engulfs the hell hog.
The hell hog completely resists.
The hell hog bites you!
A salamander comes into view. It is wielding a +1 heavy glaive.
The hell hog bites you but does no damage.
Unknown command.
You bludgeon the hell hog!! You freeze the hell hog.
You kill the hell hog!
Qazlal accepts your kill.
The hell hog splashes around in the water.
The salamander barely misses you.
Unknown command.
You bludgeon the hell hog!! You freeze the hell hog!
The hell hog is heavily wounded.
The hell hog bites you but does no damage.
The hell hog splashes around in the water.
Unknown command.
You hit the hell hog. You freeze the hell hog.
The hell hog is heavily wounded.
The centaur shoots an arrow.
The arrow hits you but does no damage.
The salamander hits you from afar with a +1 heavy glaive!
You are engulfed in flames.
You resist.
The hell hog bites you but does no damage.
The centaur shoots an arrow.
The arrow hits you but does no damage.
Aiming: Upheaval
Press: ? - help, Dir - move target, f - centaur
Aim: a centaur, wielding a +2 shortbow of flaming The ground shakes violently, spewing rubble!
The blast of rubble hits the hell hog!!!
You kill the hell hog!
Qazlal accepts your kill.
The blast of rubble hits the salamander!!
The salamander is heavily wounded.
The blast of rubble hits the centaur!!
You kill the centaur!
Qazlal accepts your kill.
The salamander hits you from afar with a +1 heavy glaive!!
You die...

≈≈≈≈≈~~.##
≈≈≈≈≈≈~..
≈≈≈≈~.~..
≈≈≈≈~~... ###
≈≈≈≈~.~.##..##
≈≈≈≈~≈≈.#.c..#
≈≈≈≈≈~~)N..)$#
≈≈≈≈≈~†§#
≈≈≈≈≈§.@## .≈
≈≈≈≈≈≈~..####.§≈
≈≈≈≈≈~≈........≈
≈≈≈≈≈≈≈........≈
≈≈≈≈≈≈≈#.######≈
≈≈≈≈≈≈≈##'..##
≈≈≈≈≈≈≈ ####.#
≈≈≈≈≈≈≈ #∩∩##
≈≈≈≈≈ ####


You could see a salamander.

Vanquished Creatures
  6 two-headed ogres
  A catoblepas (Lair:1)
  Erica (D:8)
  2 hell hogs (Volcano)
  A boulder beetle (D:10)
  The ghost of MirrMurr the Skirmisher, a journeyman SpHu of Okawaru (D:10)
  Pikel (D:8)
  Maurice (D:8)
  Joseph (D:7)
  2 black mambas (Lair:1)
  4 cane toads (Lair:1)
  A rime drake (Lair:1)
  Maggie (D:8)
  2 komodo dragons
  3 polar bears (Lair:1)
  Grinder (D:5)
  A vampire (D:10)
  A wraith (D:8)
  A wyvern (D:10)
  A yak (Lair:1)
  2 steam dragons
  The ghost of mopl the Insei, an amateur OpSh (D:4)
  An acid dragon (D:9)
  9 water moccasins
  2 ice beasts
  6 orc warriors
  3 ogres
  A sky beast (D:6)
  3 black bears
  6 centaurs
  A lemure (D:8)
  2 phantoms (D:5)
  2 kobold brigands
  8 bullfrogs
  A wyvern zombie (D:7)
  4 scorpions
  13 wights
  3 killer bees
  An electric eel (Lair:1)
  3 centaur zombies (D:7)
  3 quasits (D:4)
  3 hounds
  8 orc priests
  A gnoll bouda (D:8)
  A jelly (D:7)
  2 iguanas (D:5)
  3 sleepcaps
  Natasha (D:2)
  6 orc wizards
  2 killer bee zombies (D:7)
  A howler monkey zombie (D:7)
  7 gnolls
  15 adders
  6 river rats (Sewer)
  A shadow imp (D:7)
  2 white imps
  4 worms
  2 dart slugs (D:1)
  31 orcs
  6 ball pythons
  5 endoplasms
  11 giant cockroaches
  5 goblins
  9 hobgoblins
  6 jackals
  6 quokkas
  8 bats
  6 frilled lizards
  14 kobolds
  3 rats
283 creatures vanquished.

Notes
Turn   | Place    | Note
-------+----------+-------------------------------------------
     0 | D:1      | floatRand the Gargoyle Fighter began the quest for the Orb.
     0 | D:1      | Reached XP level 1. HP: 14/14 MP: 1/1
    55 | D:1      | Reached skill level 1 in Invocations
    55 | D:1      | Reached XP level 2. HP: 6/19 MP: 2/2
   225 | D:1      | Reached XP level 3. HP: 22/23 MP: 4/4
   263 | D:1      | Reached skill level 2 in Invocations
   589 | D:1      | Found a faded altar of an unknown god.
   812 | D:2      | Noticed Natasha
   822 | D:2      | Killed Natasha
   823 | D:2      | Reached XP level 4. HP: 26/28 MP: 5/5
   875 | D:2      | Got Pitirry's Writings on Indurated Blasts
   922 | D:2      | Found a stormy altar of Qazlal.
   939 | D:2      | Became a worshipper of Qazlal Stormbringer
  1384 | D:2      | Reached skill level 3 in Invocations
  1598 | D:3      | Reached XP level 5. HP: 32/32 MP: 7/7
  1699 | D:3      | Found a glowing drain.
  1707 | Sewer    | Entered a sewer
  1726 | Sewer    | Reached * piety under Qazlal
  1905 | Sewer    | Reached skill level 4 in Invocations
  2024 | Sewer    | Reached XP level 6. HP: 27/37 MP: 9/9
  2558 | D:3      | Reached ** piety under Qazlal
  2963 | D:4      | Reached skill level 5 in Maces & Flails
  2963 | D:4      | Reached skill level 5 in Invocations
  3021 | D:4      | Reached XP level 7. HP: 31/41 MP: 10/10
  3327 | D:4      | Noticed mopl's ghost (amateur OpSh)
  3332 | D:4      | Found a transporter.
  3438 | D:4      | Found a transporter.
  3660 | D:5      | Entered Level 5 of the Dungeon
  3818 | D:5      | Reached skill level 6 in Invocations
  3904 | D:5      | Noticed Grinder
  3914 | D:5      | Paralysed by Grinder for 2 turns
  3916 | D:5      | Killed Grinder
  3917 | D:5      | Reached XP level 8. HP: 41/46 MP: 6/12
  4196 | D:5      | Reached skill level 7 in Invocations
  4998 | D:6      | Reached skill level 8 in Invocations
  5229 | D:6      | Reached XP level 9. HP: 50/51 MP: 15/15
  5379 | D:6      | Found a staircase to the Ecumenical Temple.
  5529 | D:6      | Reached skill level 9 in Invocations
  6101 | D:7      | Found a basalt altar of Yredelemnul.
  6103 | D:7      | Reached *** piety under Qazlal
  6273 | D:7      | Identified the +2 quarterstaff "Hackuyx" {spect, Int+5}
  6380 | D:7      | Reached skill level 10 in Invocations
  6381 | D:7      | Noticed Joseph
  6386 | D:7      | Killed Joseph
  6398 | D:7      | Reached XP level 10. HP: 14/56 MP: 6/17
  6405 | D:7      | Reached skill level 10 in Maces & Flails
  7000 | D:8      | Noticed Pikel
  7070 | D:8      | Killed Pikel
  7071 | D:8      | Reached skill level 11 in Invocations
  7203 | D:8      | Noticed Maurice
  7208 | D:8      | Killed Maurice
  7523 | D:8      | Noticed Erica
  7531 | D:8      | Noticed Maggie
  7541 | D:8      | Killed Maggie
  7560 | D:8      | Killed Erica
  7561 | D:8      | Reached skill level 12 in Invocations
  7769 | D:8      | Found a runed translucent gate.
  7769 | D:8      | Found a runed translucent gate.
  7769 | D:8      | Found a runed translucent gate.
  7774 | D:8      | Noticed TobyConnect's ghost (novice DsSh)
  8313 | D:4      | Killed mopl's ghost
  8547 | D:9      | Reached XP level 11. HP: 31/60 MP: 20/20
  8736 | D:9      | Found Neikk's Magic Scroll Emporium.
  8961 | D:9      | Noticed a two-headed ogre
  8965 | D:9      | Killed a two-headed ogre
  8967 | D:9      | Noticed a two-headed ogre
  8978 | D:9      | Reached skill level 13 in Invocations
  8978 | D:9      | Killed a two-headed ogre
  9431 | D:10     | Entered Level 10 of the Dungeon
  9431 | D:10     | Noticed a boulder beetle
  9490 | D:10     | Found a staircase to the Orcish Mines.
  9690 | D:10     | Killed a boulder beetle
  9860 | D:10     | Found a transporter.
 10088 | D:10     | Found a transporter.
 10089 | D:10     | Noticed MirrMurr's ghost (journeyman SpHu)
 10089 | D:10     | Noticed a two-headed ogre
 10089 | D:10     | Identified the +7 great mace "Niagif" {freeze, rF+ rC++
                  | MP+9 Dex-3}
 10089 | D:10     | Noticed a two-headed ogre
 10090 | D:10     | Noticed a two-headed ogre
 10090 | D:10     | Noticed a two-headed ogre
 10205 | D:10     | Found a staircase to the Lair.
 10364 | D:10     | Killed a two-headed ogre
 10364 | D:10     | Killed a two-headed ogre
 10364 | D:10     | Killed MirrMurr's ghost
 10365 | D:10     | Reached skill level 14 in Invocations
 10370 | D:10     | Killed a two-headed ogre
 10371 | D:10     | Reached XP level 12. HP: 7/64 MP: 4/22
 10372 | D:10     | Killed a two-headed ogre
 10608 | Lair:1   | Entered Level 1 of the Lair of Beasts
 10611 | Lair:1   | Noticed a catoblepas
 10620 | Lair:1   | Killed a catoblepas
 10847 | Lair:1   | Reached skill level 15 in Invocations
 11039 | Lair:1   | Found a dark tunnel.
 11045 | Volcano  | Entered a volcano
 11058 | Volcano  | Noticed a hell hog
 11058 | Volcano  | Noticed a hell hog
 11066 | Volcano  | Killed a hell hog
 11069 | Volcano  | Killed a hell hog
 11069 | Volcano  | Slain by a salamander

Illustrated notes

Levels and vault maps discovered:
D:1:      lemuel_arrival_rhombus, layout_basic, dreamdust_ecumenical_altar_grove
D:2:      layout_rooms, basic_altar, minmay_misc_feat_ornament, uniq_natasha
D:3:      minmay_skewed_foursquare, layout_basic, lightli_sewer_entry_pipes
D:4:      layout_loops_cross, gammafunk_ghost_stat_death
D:5:      layout_basic, uniq_grinder
D:6:      layout_gridville, minmay_temple_entry_hall, grunt_decor_clamped,
          minmay_misc_feat_roman
D:7:      minmay_general_purpose_star, layout_basic,
          nicolae_yredelemnul_corpse_copse, uniq_joseph
D:8:      layout_basic, gammafunk_ghost_spectres, serial_glass, glass_columns_a,
          glass_columns_a, kennysheep_generic_room_8, uniq_maurice, uniq_pikel,
          uniq_erica, uniq_maggie
D:9:      layout_rooms, serial_shops, nicolae_shop_peninsula
D:10:     layout_cave_pools, due_lair_maze_entry_diamond, david_orc_2,
          gammafunk_ghost_smash
Lair:1:   layout_loops_ring, nicolae_volcano_entry_s_turn,
          hangedman_tree_tricks, minmay_shattered_shrine, grunt_megastairs_3,
          infiniplex_staircase_pool, serial_bayou_shore_b, uniq_amaemon
Volcano:  volcano_village

Skill      XL: |  1  2  3  4  5  6  7  8  9 10 11 12 |
---------------+-------------------------------------+-----
Invocations    | 1 2 3 4 5 6 8 10 12 14 15 | 15.3
Maces & Flails | 3 4 5 6 8 9 11 13 14 | 14.3
Armour         | 4 |  4.5
Fighting       | |  3.2
Shields        | |  3.2

Action                     |  1- 3 |  4- 6 |  7- 9 | 10-12 || total
---------------------------+-------+-------+-------+-------++-------
  Melee: Flail             |   104 |   319 |   346 |   353 ||  1122
         Great mace        |       |       |       |    87 ||    87
 Invoke: Upheaval          |       |       |     6 |    18 ||    24
  Evoke: Wand              |       |       |       |     1 ||     1
    Use: Scroll            |       |     4 |    12 |     3 ||    19
         Potion            |       |       |     1 |       ||     1
   Stab: Petrified         |       |       |       |     1 ||     1
 Armour: Scale mail        |    48 |       |       |       ||    48
         Plate armour      |    34 |   294 |   228 |   338 ||   894
  Dodge: Dodged            |    62 |   126 |   103 |   132 ||   423
  Block: Buckler           |    30 |   122 |   103 |   139 ||   394
         Other             |       |       |       |     5 ||     5

Table legend: (Time is in decaauts)
 A = Elapsed time spent in this place.
 B = Non-inter-level travel time spent in this place.
 C = Inter-level travel time spent in this place.
 D = Time resting spent in this place.
 E = Time spent auto-exploring this place.
 F = Levels seen in this place.
 G = Mean time per level.
                   A        B        C        D        E       F      G
               +--------+--------+--------+--------+--------+-----+--------+
         Total |  11349 |  10989 |    360 |   1660 |   5763 |  13 |  873.0 |
       Dungeon |   9988 |   9628 |    360 |   1539 |   5376 |  10 |  998.8 |
          Lair |    439 |    439 |      0 |      0 |      0 |   1 |  439.0 |
         Sewer |    897 |    897 |      0 |    121 |    386 |   1 |  897.0 |
       Volcano |     23 |     23 |      0 |      0 |      0 |   1 |   23.0 |
               +--------+--------+--------+--------+--------+-----+--------+

Top non-repeatable levels by time:
     D:5: 1487 daAuts
     D:8: 1221 daAuts
     D:9: 1184 daAuts
     D:7: 1050 daAuts
    D:10: 947 daAuts
     D:6: 922 daAuts
   Sewer: 897 daAuts
     D:3: 872 daAuts
     D:4: 865 daAuts
     D:1: 773 daAuts
     D:2: 663 daAuts
  Lair:1: 439 daAuts
 Volcano: 23 daAuts
